 Dungeon Crawl Stone Soup version 0.16.2-12-gd0ad4c3 (webtiles) character file.

16719 dearth the Basher (level 12, -1/106 HPs)
             Began as a Minotaur Fighter on Sept 25, 2015.
             Was a High Priest of Okawaru.
             Splashed by a brown ugly thing's acid (8 damage)
             ... on level 13 of the Dungeon.
             The game lasted 00:37:28 (15130 turns).

dearth the Basher (Minotaur Fighter)               Turns: 15130, Time: 00:37:28

Health: -1/106     AC:  8    Str: 36    XL:     12   Next: 12%
Magic:  18/18      EV:  9    Int:  5    God:    Okawaru [*****.]
Gold:   625        SH: 14    Dex: 14    Spells: 0 memorised, 11 levels left

rFire  + . .     SeeInvis .     e - +2 whip (venom)
rCold  . . .     Clarity  .     R - +3 scale mail of the Skies Above {-Tele MR+ Str+5 Dex+5}
rNeg   . . .     SustAb   .     c - +0 shield
rPois  .         Gourm    .     (helmet restricted)
rElec  .         Spirit   .     (no cloak)
rCorr  .         Warding  .     (no gloves)
rMut   .         NoTele   +     W - +0 pair of boots {run}
MR     +....                    B - amulet of rage
Stlth  ..........               q - +4 ring of strength
                                O - ring of protection from fire

@: corroded equipment, quick, somewhat resistant to hostile enchantments,
extremely unstealthy
A: retaliatory headbutt, horns 2
a: Heroism, Finesse, Renounce Religion, Evoke Berserk Rage


You were on level 13 of the Dungeon.
You worshipped Okawaru.
Okawaru was extremely pleased with you.
You were not hungry.

You visited 1 branch of the dungeon, and saw 13 of its levels.

You collected 859 gold pieces.
You spent 234 gold pieces at shops.

Inventory:

Hand weapons
 e - a +2 whip of venom (weapon)
Armour
 c - a +0 shield (worn)
 z - a +3 scale mail
 R - the +3 scale mail of the Skies Above (worn) {-Tele MR+ Str+5 Dex+5}
   (You bought it in a shop on level 12 of the Dungeon)

   It affects your strength (+5).
   It affects your dexterity (+5).
   It affects your resistance to hostile enchantments.
   It prevents most forms of teleportation.
 W - a +0 pair of boots of running (worn)
Jewellery
 q - a +4 ring of strength (right hand)
 r - an uncursed ring of flight
 B - an amulet of rage (around neck)
 G - the cursed amulet "Kol Rys" {Spirit rF+ Str+4 Int-5 Dex+2}
   (You took it off a kobold on level 8 of the Dungeon)

   [amulet of guardian spirit]

   It causes incoming damage to be split between your health and magic.
   It affects your strength (+4).
   It affects your intelligence (-5).
   It affects your dexterity (+2).
   It protects you from fire.
   It has a curse placed upon it.
 O - a ring of protection from fire (left hand)
Magical devices
 b - a wand of paralysis (22)
 y - a wand of random effects (25)
 J - a wand of fire (4)
 K - a wand of digging (12)
 P - a wand of confusion (43)
 X - a wand of cold (7)
Scrolls
 a - a scroll of torment {unknown}
 g - 11 scrolls of identify
 i - a scroll of fog
 j - 3 scrolls of enchant weapon
 l - 6 scrolls of remove curse
 m - 4 scrolls of teleportation
 s - 2 scrolls of amnesia
 t - a scroll of vulnerability {unknown}
 Q - a scroll of recharging
 S - a scroll of random uselessness {unknown}
 T - a scroll of enchant armour {unknown}
 U - a scroll of acquirement {unknown}
Potions
 h - 7 potions of curing {unknown}
 k - 2 potions of heal wounds {unknown}
 n - a potion of haste
 o - 4 potions of degeneration {unknown}
 p - 2 potions of cure mutation {unknown}
 u - 4 potions of flight {unknown}
 v - a potion of decay {unknown}
 w - a potion of restore abilities {unknown}
 x - a potion of ambrosia {unknown}
 C - 3 potions of agility {unknown}
 E - 2 potions of berserk rage {unknown}
 N - a potion of brilliance {unknown}
Books
 F - a book of Enchantments

   Spells                             Type                      Level
   a - Tukima's Dance                 Hexes                        3
   b - Cause Fear                     Hexes                        4
   c - Silence                        Hexes/Air                    5
   d - Deflect Missiles               Charms/Air                   6
   e - Haste                          Charms                       6
   f - Discord                        Hexes                        8
 L - a book of Clouds

   Spells                             Type                      Level
   a - Mephitic Cloud                 Conjuration/Poison/Air       3
   b - Conjure Flame                  Conjuration/Fire             3
   c - Poisonous Cloud                Conjuration/Poison/Air       6
   d - Freezing Cloud                 Conjuration/Ice/Air          6
   e - Ring of Flames                 Charms/Fire                  7
 M - a book of Geomancy

   Spells                             Type                      Level
   a - Sandblast                      Earth                        1
   b - Stoneskin                      Transmutation/Earth          2
   c - Passwall                       Transmutation/Earth          3
   d - Stone Arrow                    Conjuration/Earth            3
   e - Petrify                        Transmutation/Earth          4
   f - Lee's Rapid Deconstruction     Earth                        5
 V - a Grand Grimoire {highlevel, unknown}

   This book is beyond your current level of understanding.

   Spells                             Type                      Level
   a - Aura of Abjuration             Summoning                    6
   b - Summon Greater Demon           Summoning                    7
   c - Malign Gateway                 Summoning/Translocation      7
   d - Summon Horrible Things         Summoning                    8
Miscellaneous
 H - a lamp of fire
 I - a stone of tremors
Comestibles
 d - 8 bread rations
 f - 6 beef jerkies
 A - 3 royal jellies
 D - 4 meat rations


   Skills:
 + Level 10.1 Fighting
 * Level 13.4 Maces & Flails
 + Level 10.4 Armour
 + Level 10.2 Shields
 + Level 6.3 Invocations
 + Level 6.1 Evocations


You had 11 spell levels left.
You didn't know any spells.

Dungeon Overview and Level Annotations

Branches:
Dungeon (13/15)            Temple (0/1) D:6            Lair (0/8) D:10
    Orc (0/4) D:10
 Vaults: D:13-14

Altars:
Ashenzari
Gozag
Kikubaaqudgha
Nemelex Xobeh
Okawaru
Qazlal
Ru
Sif Muna
Vehumet
Yredelemnul
Zin
The Shining One

Shops:
D:12 ([[

Portals:
Trove: D:10 (give wand of heal wounds (9))


Innate Abilities, Weirdness & Mutations

You reflexively headbutt those who attack you in melee.
You have a pair of horns on your head.


Message History

You closely miss the brown ugly thing. You headbutt the brown ugly thing!
The brown ugly thing is heavily wounded.
You hit the brown ugly thing but do no damage.
The brown ugly thing looks even sicker.
The brown ugly thing is heavily wounded.
The brown ugly thing pecks you.
* * * LOW HITPOINT WARNING * * *
You are splashed with acid!
The acid corrodes your equipment!
The acid burns!
* * * LOW HITPOINT WARNING * * *
You block the brown ugly thing's attack.
Things that are here:
a dagger of electrocution; a ring mail You block the brown ugly thing's attack.
You repair your equipment.
You found a teleport trap!
You enter a teleport trap!
The teleport trap disappears.
The brown ugly thing pecks you!
* * * LOW HITPOINT WARNING * * *
You are splashed with acid!
The acid corrodes your equipment!
The acid burns!
You die...

#.# . #.# .# #.##.#
#. #.##.#...
#.##.#..########
#<#..##........##
#.#.#.#.........##
#.#..)...........#
#<..........@....#
##.#รท........u...#
#................#
#.#.......(......#
...##............##
#.##
#.............# ..
###.............# #
#...............#
......#..........#


You could see a brown ugly thing.

Vanquished Creatures
  2 slime creatures (D:12)
  A centaur warrior (D:12)
  A death yak (D:10)
  Nergalle (D:13)
  2 hill giants
  An ugly thing (D:12)
  A manticore (D:13)
  A troll (D:11)
  A merfolk (D:9)
  Grinder (D:3)
  A blink frog (D:10)
  A shadow (D:11)
  4 hippogriffs
  26 yaks
  Grum (D:11)
  A steam dragon (D:9)
  A hungry ghost (D:7)
  A water moccasin (D:9)
  2 wolves (D:11)
  3 ice beasts
  2 orc warriors
  8 ogres
  A swamp drake (D:10)
  A black bear (D:13)
  A crocodile (D:13)
  7 centaurs
  A sky beast (D:9)
  2 phantoms
  9 giant frogs
  3 big kobolds (D:12)
  6 scorpions
  8 killer bees
  4 wights
  5 hounds
  5 crimson imps
  A centaur skeleton (D:7)
  4 centaur zombies
  A goliath beetle (D:6)
  A gnoll shaman (D:4)
  5 orc priests
  A jelly (D:13)
  10 orc wizards
  2 iguanas
  13 worker ants
  A hound zombie (D:3)
  Terence (D:3)
  A mummy (D:11)
  2 worker ant zombies (D:10)
  10 gnolls
  9 adders
  A scorpion zombie (D:5)
  5 shadow imps
  A giant mite (D:2)
  5 worms
  5 giant geckos
  An ooze (D:6)
  41 orcs
  2 bat skeletons
  2 giant cockroaches
  11 goblins
  15 hobgoblins
  12 jackals
  7 quokkas
  2 ball pythons
  10 bats
  A giant newt (D:4)
  17 kobolds
  2 quokka zombies (D:5)
  13 rats
  6 ballistomycetes
337 creatures vanquished.

Vanquished Creatures (others)
  3 giant spores
  A ballistomycete (D:10)
4 creatures vanquished.

Grand Total: 341 creatures vanquished

Notes
Turn   | Place    | Note
--------------------------------------------------------------
     0 | D:1      | dearth, the Minotaur Fighter, began the quest for the Orb.
     0 | D:1      | Reached XP level 1. HP: 19/19 MP: 1/1
   204 | D:1      | Reached XP level 2. HP: 24/27 MP: 1/1
   828 | D:2      | Reached skill level 4 in Fighting
   839 | D:2      | Reached XP level 3. HP: 33/33 MP: 2/2
  1058 | D:2      | Reached XP level 4. HP: 38/40 MP: 2/2
  1203 | D:2      | Found a deep blue altar of Sif Muna.
  1617 | D:3      | Reached XP level 5. HP: 41/47 MP: 2/2
  1693 | D:3      | Noticed Grinder
  1719 | D:3      | Found an opulent altar of Gozag.
  1740 | D:3      | Paralysed by Grinder for 2 turns
  1746 | D:3      | Killed Grinder
  1746 | D:3      | Reached skill level 5 in Fighting
  1746 | D:3      | Reached skill level 5 in Maces & Flails
  1746 | D:3      | Reached skill level 5 in Armour
  1746 | D:3      | Reached skill level 5 in Shields
  1746 | D:3      | Reached XP level 6. HP: 37/56 MP: 3/3
  1864 | D:3      | Found a glowing silver altar of Zin.
  2034 | D:3      | Noticed Terence
  2040 | D:3      | Killed Terence
  2995 | D:4      | Reached skill level 6 in Maces & Flails
  2995 | D:4      | Reached XP level 7. HP: 42/61 MP: 3/3
  3072 | D:4      | Found a sparkling altar of Nemelex Xobeh.
  3662 | D:4      | Found a sacrificial altar of Ru.
  3969 | D:5      | Entered Level 5 of the Dungeon
  3976 | D:5      | Reached skill level 7 in Maces & Flails
  4468 | D:5      | Reached XP level 8. HP: 65/70 MP: 3/3
  4568 | D:5      | Found a stormy altar of Qazlal.
  4900 | D:6      | Found a radiant altar of Vehumet.
  4900 | D:6      | Found an iron altar of Okawaru.
  4909 | D:6      | Became a worshipper of Warmaster Okawaru
  5337 | D:6      | Reached skill level 8 in Maces & Flails
  5543 | D:6      | Found a staircase to the Ecumenical Temple.
  6108 | D:7      | Reached skill level 1 in Evocations
  6131 | D:7      | Acquired Okawaru's first power
  6131 | D:7      | Reached skill level 1 in Invocations
  6191 | D:7      | Reached XP level 9. HP: 63/78 MP: 4/6
  6225 | D:7      | Reached skill level 9 in Maces & Flails
  6640 | D:7      | Found a shattered altar of Ashenzari.
  7633 | D:8      | Got a crude copper amulet
  7635 | D:8      | Lost intelligence.
  7635 | D:8      | Identified the amulet "Kol Rys" {Spirit rF+ Str+4 Int-5 Dex+2} (You took it off a kobold on level 8 of the Dungeon)
  7913 | D:9      | Reached skill level 10 in Maces & Flails
  7915 | D:9      | Found a basalt altar of Yredelemnul.
  7920 | D:9      | Found a glowing golden altar of the Shining One.
  7923 | D:9      | Found an ancient bone altar of Kikubaaqudgha.
  8328 | D:9      | Reached XP level 10. HP: 64/88 MP: 10/10
  9115 | D:10     | Entered Level 10 of the Dungeon
  9485 | D:10     | Reached skill level 11 in Maces & Flails
  9822 | D:10     | Found a staircase to the Orcish Mines.
 10048 | D:10     | Found a portal to a secret trove of treasure.
 10081 | D:10     | Found a radiant altar of Vehumet.
 10103 | D:10     | Found a staircase to the Lair.
 10105 | D:10     | Noticed a death yak
 10162 | D:10     | Killed a death yak
 10519 | D:10     | Reached XP level 11. HP: 84/95 MP: 13/13
 11148 | D:11     | Noticed Grum
 11173 | D:11     | Killed Grum
 11321 | D:11     | Reached skill level 12 in Maces & Flails
 11321 | D:11     | Reached skill level 5 in Invocations
 12255 | D:11     | Acquired Okawaru's second power
 12807 | D:12     | Reached skill level 5 in Evocations
 12872 | D:12     | Found Yptom's Antique Armour Shop.
 12918 | D:12     | Found Lietherch's Antique Armour Boutique.
 12955 | D:12     | Bought a twisted scale mail for 234 gold pieces
 12955 | D:12     | Identified the +3 scale mail of the Skies Above {-Tele MR+ Str+5 Dex+5} (You bought it in a shop on level 12 of the Dungeon)
 13101 | D:12     | Found Myugay's Weapon Emporium.
 13436 | D:12     | Noticed a hill giant
 13456 | D:12     | Killed a hill giant
 13456 | D:12     | Reached skill level 10 in Armour
 13727 | D:12     | Noticed a centaur warrior
 13734 | D:12     | Killed a centaur warrior
 13734 | D:12     | Received a gift from Okawaru
 13743 | D:12     | Identified a +0 pair of boots of running (Okawaru gifted it to you on level 12 of the Dungeon)
 13948 | D:12     | Reached skill level 13 in Maces & Flails
 13948 | D:12     | Reached skill level 10 in Shields
 14729 | D:13     | Reached skill level 10 in Fighting
 14729 | D:13     | Reached XP level 12. HP: 68/106 MP: 18/18
 14870 | D:13     | Noticed Nergalle
 14902 | D:13     | Killed Nergalle
 15053 | D:13     | Noticed a hill giant
 15064 | D:13     | Killed a hill giant
 15130 | D:13     | Splashed by a brown ugly thing's acid

Action                   |  1- 3 |  4- 6 |  7- 9 | 10-12 || total
-------------------------+-------+-------+-------+-------++-------
Melee: Flail             |    62 |    98 |       |       ||   160
       Whip              |       |    36 |   393 |   696 ||  1125
Invok: Heroism           |       |       |       |     1 ||     1
       Finesse           |       |       |       |     1 ||     1
 Abil: Evoke Berserk Rag |       |       |       |     1 ||     1
  Use: Potion            |       |     1 |       |       ||     1
       Scroll            |       |       |       |    15 ||    15
  Eat: Chunk             |       |     2 |     2 |     3 ||     7
       Fruit             |       |     2 |       |    12 ||    14
       Meat ration       |       |     1 |     2 |       ||     3
       Pizza             |       |       |     1 |     1 ||     2
       Beef jerky        |       |       |     1 |       ||     1
       Bread ration      |       |       |       |     2 ||     2
